 Dungeon Crawl Stone Soup version 0.30.0-19-g36f170ea60 (webtiles) character file.

Game seed: 6434385772353561749

5595 tomer the Basher (level 10, -6/85 HPs)
             Began as a Minotaur Fighter on May 29, 2023.
             Was a Priest of Hepliaklqana.
             Mangled by an orc warlord
             ... wielding a +4 broad axe
              (9 damage)
             ... on level 8 of the Dungeon.
             The game lasted 00:37:01 (7948 turns).

tomer the Basher (Minotaur Fighter)                 Turns: 7948, Time: 00:37:02

Health: -6/85      AC: 19    Str: 26    XL:     10   Next: 45%
Magic:  9/9        EV: 13    Int:  5    God:    Hepliaklqana [***...]
Gold:   490        SH:  9    Dex:  9    Spells: 9/9 levels left

rFire   . . .        w - +0 flail (protect)
rCold   . . .        t - +0 kite shield
rNeg    . . .        f - +0 chain mail
rPois   .            (helmet restricted)
rElec   .            m - +0 cloak
rCorr   .            L - +0 pair of gloves
SInv    .            (no boots)
Will    .....        (no amulet) Stlth
                     s - +5 ring of evasion
HPRegen 0.34/turn    (no ring)
MPRegen 0.11/turn

%: no passive effects
@: under a protective aura, on berserk cooldown, slowed, very slow
A: reduced essence, horns 2, retaliatory headbutt
a: Renounce Religion, Recall Ancestor, Ancestor Identity, Transference


You were on level 8 of the Dungeon.
You worshipped Hepliaklqana.
Hepliaklqana was most pleased with you.
You visited 2 branches of the dungeon, and saw 9 of its levels.
You also visited: Sewer, Ossuary and Bailey.

You collected 490 gold pieces.

Inventory:

Hand Weapons
 w - a +0 flail of protection (weapon)
 B - a +0 halberd
Missiles
 g - 13 poisoned darts (quivered)
 r - 6 javelins
Armour
 c - a +0 buckler
 f - a +0 chain mail (worn)
 k - a scarf of shadows
 m - a +0 cloak (worn)
 t - a +0 kite shield (worn)
 L - a +0 pair of gloves (worn)
Jewellery
 s - a +5 ring of evasion (left hand)
 v - an amulet of guardian spirit
 y - a ring of magical power
 J - a ring of magical power
Wands
 a - a wand of polymorph (3)
 q - a wand of flame (4)
 E - a wand of quicksilver (5)
 G - a wand of charming (6)
Scrolls
 i - 3 scrolls of blinking
 j - 4 scrolls of teleportation
 l - 3 scrolls of fog
 n - 2 scrolls of noise
 o - a scroll of poison {unknown}
 p - 2 scrolls of amnesia
 z - a scroll of immolation
 A - a scroll of magic mapping
 C - 5 scrolls of enchant armour
 I - 3 scrolls of silence
 O - 2 scrolls of summoning {unknown}
Potions
 b - a potion of heal wounds
 d - a potion of might
 h - 6 potions of curing
 u - a potion of haste
 x - 3 potions of mutation {unknown}
 D - a potion of brilliance
 F - a potion of attraction {unknown}
 H - a potion of ambrosia {unknown}
 M - a potion of invisibility
 N - a potion of magic {unknown}


   Skills:
 + Level 11.1 Fighting
 * Level 13.2 Maces & Flails
 + Level 5.7 Armour
 - Level 8.0 Shields


You had 9 spell levels left.
You didn't know any spells.
Your spell library contained the following spells:

 Spells                   Type           Power      Damage    Failure   Level
 Apportation              Tloc           0%         N/A       99%         1
 Necrotise                Necr           0%         1d4       99%         1
 Slow                     Hex            0%         N/A       99%         1
 Summon Small Mammal      Summ           0%         N/A       99%         1
 Cigotuvi's Dreadful Rot  Necr/Pois/Air  0%         N/A       100%        2
 Confusing Touch          Hex            0%         N/A       100%        3
 Ignite Poison            Fire/Tmut/Pois 0%         N/A       100%        3
 Vampiric Draining        Necr           0%         2d6       100%        3
 Vhi's Electric Charge    Tloc/Air       0%         N/A       100%        3
 Arcjolt                  Conj/Air       0%         1d10      100%        5
 Freezing Cloud           Conj/Ice/Air   0%         6-21      100%        5
 Maxwell's Capacitive Co  Air            0%         ∞         100%        8


Dungeon Overview and Level Annotations

Branches:
Dungeon (8/15)             Temple (1/1) D:5           Sewer (visited)
Ossuary (visited)          Bailey (visited)
   Lair: D:8-11

Altars:
Ashenzari
Dithmenos
Elyvilon
Fedhas
Gozag
Hepliaklqana
Kikubaaqudgha
Makhleb
Nemelex Xobeh
Okawaru
Qazlal
Ru
Sif Muna
Trog
Uskayaw
Vehumet
Wu Jian
Xom
Yredelemnul
Zin
The Shining One

Shops:
D:5 *


Innate Abilities, Weirdness & Mutations

Your life essence is reduced to manifest your ancestor. (-10% HP)
You have a pair of horns on your head.
You reflexively headbutt those who attack you in melee.


Message History

Aiming: Charm
Press: ? - help, Shift-Dir - straight line, f - orc knight, p - orc warlord
Aim: an orc knight, wielding a +0 battleaxe and wearing a +0 ring mail (almost dead, strong, chance to affect: 31%)
Okay, then.
Aiming: Polymorph
Press: ? - help, Shift-Dir - straight line, f - orc knight, p - orc warlord
Aim: an orc knight, wielding a +0 battleaxe and wearing a +0 ring mail (almost dead, strong, will become a jumping spider, a golden eye, or a dream sheep, chance to affect: 31%)
Okay, then.
Aiming: Charm
Press: ? - help, Shift-Dir - straight line, f/p - orc warlord
Aim: an orc warlord, wielding a +4 broad axe and wearing a +0 plate armour (severely wounded, strong, chance to affect: 17%)
The orc warlord resists with almost no effort.
The orc warlord no longer looks unusually strong.
Okay, then.
You feel much better.
The orc knight roars a battlecry!
The orc warlord goes into a battle-frenzy!
You sock the orc warlord!
Your weapon exudes an aura of protection.
Your headbutt misses the orc warlord.
The orc warlord is almost dead.
The orc warlord hits you with a +4 broad axe!
* * * LOW HITPOINT WARNING * * *
You hit the orc warlord but do no damage.
The orc warlord is almost dead.
The orc warlord hits you with a +4 broad axe!
* * * LOW HITPOINT WARNING * * *
The orc warlord hits you with a +4 broad axe.
* * * LOW HITPOINT WARNING * * *
You block the orc knight's attack.
Welcome back to the Dungeon!
The hornet buzzes angrily.
You feel yourself slow down.
There is an empty arch of ancient stone here.
The orc knight attacks as you move away!
The orc knight hits you with a +0 battleaxe.
* * * LOW HITPOINT WARNING * * *
The orc knight no longer looks unusually strong.
The orc warlord hits you with a +4 broad axe!
You die...

#.######.#####. #.#
#.# #.# #.# #.# #.#
#.# #.### ##.#
#.....
####..#########.#
#...........#...##
#.@)..#####......##
#.oo)..####.......#
#..)...y...........
#.....#####....)..#
##.##.# #.......#
...... ....#.....#
####.###### #...†.#
# ### ####†..## .
..# #....†.#


You could see an orc warlord (strong), an orc knight and a hornet.

Vanquished Creatures
  A hornet (D:5)
  5 yaks (D:3)
  Duvessa (D:6)
  11 orc warriors
  A water moccasin (D:5)
  A sky beast (D:6)
  2 black bears (D:5)
  An ogre (D:3)
  2 kobold brigands
  2 bullfrogs
  6 scorpions
  4 wights (D:6)
  Dowan (D:6)
  5 killer bees (D:7)
  2 howler monkeys (D:8)
  2 centaur zombies (Ossuary)
  A hound (D:4)
  2 human zombies (Ossuary)
  3 orc priests
  2 jellies (D:5)
  A sleepcap (D:4)
  Ijyb (D:4)
  6 orc wizards
  An iguana (D:4)
  3 scorpion zombies (Ossuary)
  2 mummies (Ossuary)
  10 gnolls
  12 adders
  A shadow imp (D:7)
  2 white imps
  3 ufetubi
  A worm (D:3)
  4 dart slugs
  45 orcs
  2 bats (D:1)
  8 endoplasms
  11 giant cockroaches
  5 gnoll zombies (Ossuary)
  18 goblins
  9 hobgoblins
  2 jackals (D:3)
  7 quokkas
  10 ball pythons
  8 frilled lizards
  A hobgoblin zombie (Ossuary)
  17 kobolds
  A kobold zombie (Ossuary)
  2 orc zombies (Ossuary)
  2 rats (D:5)
250 creatures vanquished.

Vanquished Creatures (collateral kills)
  A yak (D:4)
  2 orc warriors (Bailey)
  A sky beast (D:7)
  2 bullfrogs
  A scorpion (Ossuary)
  A wight (D:6)
  A howler monkey (D:8)
  A jelly (D:8)
  A hound (D:5)
  An orc wizard (D:4)
  A mummy (Ossuary)
  2 gnolls
  2 adders (Sewer)
  A river rat (D:5)
  7 orcs
  A giant cockroach (Sewer)
  A hobgoblin (Bailey)
  A kobold (D:6)
  2 quokkas
  2 ball pythons (Sewer)
  3 frilled lizards (Sewer)
  A goblin (D:4)
  A rat (D:5)
37 creatures vanquished.

Vanquished Creatures (others)
  A hexer (Bailey)
  4 ancestors (D:4)
5 creatures vanquished.

Grand Total: 292 creatures vanquished

Notes
Turn   | Place    | Note
-------+----------+-------------------------------------------
     0 | D:1      | tomer the Minotaur Fighter began the quest for the Orb.
     0 | D:1      | Reached XP level 1. HP: 19/19 MP: 0/0
    68 | D:1      | Reached XP level 2. HP: 27/27 MP: 1/1
   463 | D:1      | Reached skill level 3 in Maces & Flails
   534 | D:1      | Reached XP level 3. HP: 33/33 MP: 2/2
  1367 | D:2      | Found a faded altar of an unknown god.
  1629 | D:3      | Found a hazy altar of Hepliaklqana.
  1644 | D:3      | Reached XP level 4. HP: 32/41 MP: 3/3
  1735 | D:3      | Became a worshipper of Hepliaklqana the Forgotten
  1885 | D:3      | Noticed an ogre
  1910 | D:3      | Killed an ogre
  1911 | D:3      | Reached skill level 5 in Fighting
  1911 | D:3      | Reached skill level 4 in Maces & Flails
  1911 | D:3      | Reached XP level 5. HP: 39/48 MP: 4/4
  2094 | D:3      | Found a sacrificial altar of Ru.
  2101 | D:3      | Reached skill level 5 in Armour
  2227 | D:3      | Found a shadowy altar of Dithmenos.
  2227 | D:3      | Found a basalt altar of Yredelemnul.
  2341 | D:3      | Reached skill level 5 in Shields
  2448 | D:3      | Reached XP level 6. HP: 46/56 MP: 5/5
  2726 | D:4      | Reached * piety under Hepliaklqana
  2785 | D:4      | Noticed Ijyb
  2859 | D:4      | Killed Ijyb
  3087 | D:4      | Noticed a yak
  3087 | D:4      | Noticed a yak
  3087 | D:4      | Noticed a yak
  3090 | D:4      | Noticed a yak
  3091 | D:4      | Noticed a yak
  3096 | D:4      | Noticed a yak
  3109 | D:3      | Killed a yak
  3110 | D:3      | Reached skill level 5 in Maces & Flails
  3110 | D:3      | Reached XP level 7. HP: 52/56 MP: 6/6
  3265 | D:4      | Found an iron altar of Okawaru.
  3338 | D:3      | Killed a yak
  3389 | D:3      | Killed a yak
  3390 | D:3      | Reached skill level 6 in Maces & Flails
  3395 | D:3      | Killed a yak
  3396 | D:3      | Reached XP level 8. HP: 42/65 MP: 7/7
  3493 | D:4      | Reached skill level 7 in Maces & Flails
  3923 | D:5      | Entered Level 5 of the Dungeon
  3967 | D:5      | Found Ruig's Overcharged Wands.
  3993 | D:5      | Reached skill level 8 in Maces & Flails
  4320 | D:5      | Found a staircase to the Ecumenical Temple.
  4382 | D:5      | Found a glowing drain.
  4391 | Sewer    | Entered a sewer
  4545 | Sewer    | Reached XP level 9. HP: 73/73 MP: 8/8
  4606 | Sewer    | Reached skill level 9 in Maces & Flails
  5284 | Temple   | Entered the Ecumenical Temple
  5686 | D:6      | Reached skill level 10 in Maces & Flails
  5710 | D:6      | Reached ** piety under Hepliaklqana
  5711 | D:6      | Remembered your ancestor Gnaeus as a hexer
  5760 | D:6      | Found an opulent altar of Gozag.
  5833 | D:6      | Found a burning altar of Makhleb.
  6038 | D:6      | Found a white marble altar of Elyvilon.
  6051 | D:6      | Noticed Dowan
  6093 | D:6      | Killed Dowan
  6123 | D:6      | Found a sand-covered staircase.
  6128 | Ossuary  | Entered an ossuary
  6268 | Ossuary  | Reached skill level 11 in Maces & Flails
  6328 | Ossuary  | Reached skill level 10 in Fighting
  6648 | D:6      | Noticed Duvessa
  6664 | D:6      | Killed Duvessa
  6945 | D:7      | Reached skill level 12 in Maces & Flails
  7008 | D:7      | Reached XP level 10. HP: 80/84 MP: 9/9
  7138 | D:7      | Found a hide-covered altar of Uskayaw.
  7529 | D:8      | Reached *** piety under Hepliaklqana
  7595 | D:8      | Found a flagged portal.
  7604 | Bailey   | Entered a bailey
  7749 | Bailey   | Reached skill level 13 in Maces & Flails
  7894 | Bailey   | Noticed an orc warlord
  7896 | Bailey   | Noticed an orc knight
  7946 | Bailey   | HP: 4/85 [orc warlord/+4 broad axe (4)]
  7948 | D:8      | Mangled by an orc warlord

Illustrated notes

Levels and vault maps discovered:
D:1:      psy_arrival_conway, layout_loops_ring
D:2:      layout_basic, hellmonk_ecumenical_altar_prayer_group,
          dreamdust_mushroom_princess
D:3:      layout_rooms, nicolae_ru_sacrificial_ziggurat,
          mainiacjoe_overflow_concentric_impassable,
          nicolae_overflow_two_pavilions
D:4:      layout_basic, okawaru_ov_weapons_minmay, uniq_ijyb
D:5:      layout_loops_ring, minmay_temple_entry_grid, gup_sewer_entry_bubbles,
          nicolae_shop_overcharged_wands
D:6:      layout_loops_ring, lightli_temple_of_fire,
          mainiacjoe_overflow_alcove_2, mainiacjoe_overflow_alcove_4,
          enter_ossuary_5, uniq_duvessa
D:7:      layout_cave_pools, eat_drink_and_be_merry_uskayaw
D:8:      layout_loops_cross, kennysheep_mini_moat, enter_bailey_2
Temple:   hc_temple_tempest_star

Skill      XL: |  1  2  3  4  5  6  7  8  9 10 |
---------------+-------------------------------+-----
Fighting       | 4 5 6 7 8 10 11 | 11.1
Armour         | 4 5 |  5.7
Shields        | 4 5 6 7 8 |  8.0
Maces & Flails | 3 4 5 6 8 12 13 | 13.2

Action                     |  1- 3 |  4- 6 |  7- 9 | 10-12 || total
---------------------------+-------+-------+-------+-------++-------
  Melee: Flail             |   101 |   102 |   312 |   149 ||   664
         Headbutt          |    16 |    18 |    62 |    22 ||   118
         Unarmed           |       |     5 |       |       ||     5
  Throw: Dart              |       |     4 |     4 |     1 ||     9
         Javelin           |       |       |     1 |       ||     1
 Invoke: Recall Ancestor   |       |       |     1 |       ||     1
         Ancestor Life: He |       |       |     1 |       ||     1
  Evoke: Wand              |       |       |     2 |     1 ||     3
    Use: Scroll            |     5 |       |     8 |     1 ||    14
         Potion            |       |       |       |     5 ||     5
   Stab: Distracted        |       |       |     2 |       ||     2
         Confused          |       |       |     5 |     1 ||     6
 Armour: Scale mail        |    21 |       |       |       ||    21
         Chain mail        |    25 |    45 |    96 |    31 ||   197
  Dodge: Dodged            |    60 |    58 |   108 |    41 ||   267
  Block: Buckler           |    22 |     4 |       |       ||    26
         Kite shield       |       |    42 |   140 |    47 ||   229
